 Dungeon Crawl Stone Soup version 0.28-a0-589-g333b8329f1 (webtiles) character file.

Game seed: 15708873630472106874

3132 funkygono the Arsonist (level 9, -7/48 HPs)
             Began as a Gargoyle Fire Elementalist on Oct 2, 2021.
             Was a Believer of Vehumet.
             Killed by divine providence
             ... invoked by an orc priest
              (11 damage)
             ... on level 8 of the Dungeon on Oct 4, 2021.
             The game lasted 00:23:17 (7941 turns).

funkygono the Arsonist (Gargoyle Fire Elementalist) Turns: 7941, Time: 00:23:17

Health: -7/48      AC: 17    Str: 10    XL:     9   Next: 92%
Magic:  28/29      EV: 15    Int: 19    God:    Vehumet [**....]
Gold:   321        SH:  0    Dex: 10    Spells: 6/23 levels left

rFire   . . .      SeeInvis .   i - +7 flail (vorpal)
rCold   + + +      Faith    .   (no shield)
rNeg    + . .      Spirit   .   m - +2 troll leather armour {Purgy}
rPois   ∞          Reflect  .   p - +0 helmet
rElec   +          Harm     .   (no cloak)
rCorr   +          Rampage  .   y - +2 pair of gloves
Will    .....                   (no boots)
Stlth   ++........              (no amulet)
HPRegen 1.16/turn               f - +4 ring of evasion
MPRegen 0.21/turn               d - ring "Najor" {Contam rC+++ rCorr MP+9 Str-2}

@: no status effects
A: sickness immunity, AC +6, negative energy resistance 1, electricity
resistance, torment resistance 1, petrification resistance
a: Renounce Religion


You were on level 8 of the Dungeon.
You worshipped Vehumet.
Vehumet was pleased with you.
You visited 2 branches of the dungeon, and saw 9 of its levels.
You also visited: Sewer.

You collected 535 gold pieces.
You spent 214 gold pieces at shops.

Inventory:

Hand Weapons
 c - a +2 mace of draining
 i - a +7 vorpal flail (weapon)
Missiles
 e - 324 stones (quivered)
Armour
 g - a +0 ring mail
 m - a +2 troll leather armour (worn) {Purgy}
 p - a +0 helmet (worn)
 r - a +2 robe of positive energy
 y - a +2 pair of gloves (worn)
 A - +0 steam dragon scales
Magical Staves
 C - a staff of death
Jewellery
 d - the ring "Najor" (right hand) {Contam rC+++ rCorr MP+9 Str-2}
   (You acquired it on level 6 of the Dungeon)

   [ring of resist corrosion]

   Str:       It affects your strength (-2).
   rC:        It renders you almost immune to cold.
   MP:        It affects your magic capacity (+9).
   Contam:    It causes magical contamination when unequipped.
   rCorr:     It protects you from acid and corrosion.
 f - a +4 ring of evasion (left hand)
 j - a ring of see invisible
Wands
 a - a wand of iceblast (24)
 k - a wand of polymorph (6)
 q - a wand of flame (18)
 t - a wand of mindburst (23)
 D - a wand of paralysis (6)
Scrolls
 o - a scroll of teleportation
 z - a scroll of enchant armour
 B - a scroll of fear
Potions
 b - a potion of lignification
 h - 4 potions of curing
 l - 2 potions of brilliance
 n - a potion of flight
 s - 3 potions of heal wounds
 u - 3 potions of might {unknown}
 v - 2 potions of cancellation {unknown}
 w - 2 potions of haste
 x - 2 potions of invisibility {unknown}


   Skills:
 + Level 1.6 Fighting
 + Level 2.5 Maces & Flails
 * Level 3.5 Armour
 + Level 2.3 Dodging
 - Level 2.1 Stealth
 * Level 7.6 Spellcasting
 * Level 5.7 Conjurations
 * Level 8.3 Fire Magic
 + Level 1.8 Earth Magic


You had 6 spell levels left.
You knew the following spells:

 Your Spells              Type           Power      Damage    Failure   Level
a - Foxfire               Conj/Fire      100%       2x1d9     1%          1
b - Scorch                Fire           76%        2d8       1%          2
c - Conjure Flame         Conj/Fire      34%        6-21      1%          3
d - Flame Wave            Conj/Fire      34%        3d7       7%          4
e - Starburst             Conj/Fire      17%        6d6       71%         6
h - Sandblast             Erth           28%        2d8       6%          1

Your spell library contained the following spells:

 Spells                   Type           Power      Damage    Failure   Level
 Magic Dart               Conj           100%       1d8       1%          1
 Shock                    Conj/Air       72%        1d7       3%          1
 Inner Flame              Hex/Fire       23%        N/A       7%          3
 Dazzling Flash           Conj/Hex       36%        N/A       12%         3
 Ensorcelled Hibernation  Hex/Ice        14%        N/A       19%         2
 Slow                     Hex            7%         N/A       19%         2
 Wereblood                Tmut           7%         N/A       19%         2
 Confusing Touch          Hex            7%         N/A       36%         3
 Spider Form              Tmut/Pois      3%         N/A       36%         3
 Swiftness                Air            7%         N/A       36%         3
 Iskenderun's Mystic Bla  Conj/Tloc      18%        2d6       36%         4
 Airstrike                Air            3%         N/A       77%         4
 Summon Forest            Summ/Tloc      3%         N/A       98%         5
 Summon Mana Viper        Hex/Summ       7%         N/A       98%         5
 Yara's Violent Unravell  Hex/Tmut       3%         3d4       98%         5
 Summon Cactus Giant      Summ           3%         N/A       100%        6
 Summon Hydra             Summ           3%         N/A       100%        7
 Sublimation of Blood     Necr           Unusable   N/A       N/A         2

Dungeon Overview and Level Annotations

Branches:
Dungeon (8/15)             Temple (1/1) D:4            Lair (0/6) D:8
  Sewer (visited)

Altars:
Ashenzari
Cheibriados
Dithmenos
Elyvilon
Fedhas
Gozag
Hepliaklqana
Kikubaaqudgha
Makhleb
Nemelex Xobeh
Okawaru
Qazlal
Sif Muna
Uskayaw
Vehumet
Xom
Yredelemnul
Zin
The Shining One

Shops:
D:1 ?   D:2 (   D:6 [(*   D:8 =


Innate Abilities, Weirdness & Mutations

You are immune to sickness and miasma.
Your stone body is resilient. (AC +6)
You are immune to poison.
You resist negative energy. (rN+)
You are resistant to electric shocks. (rElec)
You are resistant to unholy torment.
You are immune to petrification.


Message History

The orc priest is lightly wounded.
The foxfire hits the orc priest.
The orc priest is heavily wounded.
Casting: Foxfire (safe; 1% risk of failure)
Confirm with . or Enter, or press ? or * to list all spells.
You conjure some foxfire!
The orc priest calls down the wrath of Beogh upon you.
Beogh smites you!
Casting: Foxfire (safe; 1% risk of failure)
Confirm with . or Enter, or press ? or * to list all spells.
You conjure some foxfire!
The foxfire hits the orc priest.
The orc priest is severely wounded.
The orc priest mumbles some strange prayers to Beogh against you.
Beogh smites you!
Casting: Foxfire (safe; 1% risk of failure)
Confirm with . or Enter, or press ? or * to list all spells.
You conjure some foxfire!
The foxfire hits the orc.
The orc is moderately wounded.
The orc priest calls upon Beogh to heal the orc.
The orc's wounds heal themselves!
The orc priest calls down the wrath of Beogh upon you.
Pain shoots through your body!
The foxfire hits the orc priest.
You kill the orc priest!
Vehumet accepts your kill.
The foxfire hits the orc.
The orc is severely wounded.
The foxfire hits the orc.
You kill the orc!
Vehumet accepts your kill.
You feel your power returning.
The foxfire hits the orc warrior.
The orc warrior is lightly wounded.
The orc priest invokes the aid of Beogh against you.
Beogh smites you!
* * * LOW HITPOINT WARNING * * *
The orc priest mumbles some strange prayers to Beogh against you.
Beogh smites you!
* * * LOW HITPOINT WARNING * * *
The orc priest invokes the aid of Beogh against you.
Beogh smites you!
You die...

#.###.########.#.#.######
#.# #.# #..........## #.#
#.# ##...##.##...## #.#
#.# ##..#..#.#..#..# #.#
#.# #...##.....##..# #.#
#.# #......._......# #.#
#.######...##.....##..#
..#
...........#..#.#..#..#
###
....(......@##.##...##
... ....................#
### .(<...o.............#
...........##########
..).......># ....o..o..##
$....o....# ....$.....#
....).....#


You could see an orc warrior, 2 orc priests and an orc.

Vanquished Creatures
  Grinder (D:3)
  Sigmund (D:3)
  2 steam dragons
  An acid dragon (D:8)
  2 water moccasins
  Purgy (Sewer)
  A black bear (D:6)
  2 ogres (D:5)
  A necrophage (D:5)
  A centaur (D:8)
  2 bullfrogs (D:7)
  3 scorpions
  A wyvern zombie (D:7)
  2 wyvern skeletons (D:6)
  4 wights (D:8)
  5 howler monkeys
  2 centaur zombies (D:8)
  3 hounds (D:6)
  An orc priest (D:8)
  A jelly (D:8)
  2 centaur skeletons
  Jessica (D:2)
  Ijyb (D:3)
  5 iguanas
  4 orc wizards
  Natasha (thrice) (D:2)
  Robin (D:3)
  5 gnolls
  3 adders
  2 river rats (D:5)
  A shadow imp (D:5)
  A white imp (D:6)
  A worm (D:3)
  3 dart slugs (D:1)
  10 orcs
  7 ball pythons
  5 bats
  8 endoplasms
  7 giant cockroaches
  11 goblins
  13 hobgoblins
  2 jackals (D:1)
  5 quokkas
  7 frilled lizards
  6 kobolds
  7 rats
158 creatures vanquished.

Vanquished Creatures (others)
  436 foxfires
436 creatures vanquished.

Grand Total: 594 creatures vanquished

Notes
Turn   | Place    | Note
-------+----------+-------------------------------------------
     0 | D:1      | funkygono the Gargoyle Fire Elementalist began the quest
                  | for the Orb.
     0 | D:1      | Reached XP level 1. HP: 10/10 MP: 3/3
   316 | D:1      | Reached XP level 2. HP: 15/15 MP: 0/5
   698 | D:1      | Reached XP level 3. HP: 13/20 MP: 3/6
  1103 | D:1      | Found Qutot's Magic Scroll Shoppe.
  1339 | D:1      | Learned a level 2 spell: Scorch
  1343 | D:1      | Learned a level 3 spell: Conjure Flame
  1427 | D:2      | Noticed Jessica
  1441 | D:2      | Killed Jessica
  1442 | D:2      | Reached XP level 4. HP: 20/24 MP: 2/7
  1539 | D:2      | Noticed Natasha
  1544 | D:2      | Killed Natasha
  1545 | D:2      | Reached skill level 4 in Fire Magic
  1641 | D:2      | Noticed a scorpion
  1651 | D:2      | Killed a scorpion
  1652 | D:2      | Reached XP level 5. HP: 15/28 MP: 5/9
  1894 | D:2      | Learned a level 4 spell: Flame Wave
  1940 | D:2      | Noticed Natasha
  1942 | D:2      | Killed Natasha
  1943 | D:2      | Reached skill level 1 in Maces & Flails
  1970 | D:2      | Reached XP level 6. HP: 25/33 MP: 4/11
  2194 | D:2      | Found Ceatumipp's Weapon Shoppe.
  2351 | D:2      | Noticed Natasha
  2357 | D:2      | Killed Natasha
  2434 | D:3      | Noticed Ijyb
  2467 | D:3      | Killed Ijyb
  2651 | D:3      | Noticed Robin
  2657 | D:3      | Killed Robin
  2701 | D:3      | Reached skill level 1 in Fighting
  2751 | D:3      | Noticed Grinder
  2761 | D:3      | Killed Grinder
  2762 | D:3      | Reached skill level 5 in Fire Magic
  2762 | D:3      | Reached XP level 7. HP: 38/38 MP: 1/13
  3319 | D:3      | Noticed Sigmund
  3325 | D:3      | Killed Sigmund
  3433 | D:3      | Upgraded the game from 0.28-a0-577-gb193047a1f to
                  | 0.28-a0-589-g333b8329f1
  3828 | D:4      | Found a staircase to the Ecumenical Temple.
  3837 | Temple   | Entered the Ecumenical Temple
  3865 | Temple   | Became a worshipper of Vehumet
  4568 | D:5      | Entered Level 5 of the Dungeon
  4578 | D:5      | Reached skill level 6 in Fire Magic
  4578 | D:5      | Reached XP level 8. HP: 43/43 MP: 10/15
  4667 | D:5      | Reached skill level 5 in Spellcasting
  4923 | D:5      | Found a glowing drain.
  4966 | Sewer    | Entered a sewer
  5015 | Sewer    | Noticed Purgy
  5018 | Sewer    | Killed Purgy
  5020 | Sewer    | Reached * piety under Vehumet
  5020 | Sewer    | Offered knowledge of Sandblast by Vehumet.
  5272 | D:5      | Reached skill level 7 in Fire Magic
  5546 | D:5      | Learned a level 1 spell: Sandblast
  5557 | D:5      | Learned a level 6 spell: Starburst
  5570 | D:6      | Found Hoidoeph's Weapon Emporium.
  5709 | D:1      | Bought a scroll of enchant weapon for 82 gold pieces
  5709 | D:1      | Bought a scroll of enchant armour for 82 gold pieces
  5817 | D:6      | Reached skill level 1 in Armour
  5904 | D:6      | Found Xineyry's Assorted Antiques.
  5914 | D:6      | Bought a scroll labelled ITUDWEV WAFU BUV for 25 gold
                  | pieces
  5914 | D:6      | Bought a scroll labelled ZOUVEU GYWNU for 25 gold pieces
  5915 | D:6      | Acquired the ring "Najor" {Contam rC+++ rCorr MP+9 Str-2}
  6114 | D:6      | Reached skill level 5 in Conjurations
  6114 | D:6      | Reached XP level 9. HP: 47/47 MP: 17/17
  6231 | D:6      | Found Iduteomo's Armour Shop.
  6718 | D:7      | Reached skill level 8 in Fire Magic
  6911 | D:7      | Reached skill level 1 in Earth Magic
  6916 | D:7      | Reached ** piety under Vehumet
  6916 | D:7      | Offered knowledge of Magic Dart by Vehumet.
  7640 | D:8      | Found Fuiluzue's Jewellery Emporium.
  7846 | D:8      | Found an opulent altar of Gozag.
  7928 | D:8      | Found a staircase to the Lair.
  7941 | D:8      | Killed from afar by an orc priest

Illustrated notes

Levels and vault maps discovered:
D:1:      heliophobic_arrival_glass_houses, layout_basic, serial_shops, shop
D:2:      layout_rooms, serial_shops, shop_fountains, uniq_jessica, uniq_natasha
D:3:      minmay_chambers_of_twos, layout_basic, uniq_ijyb, uniq_sigmund,
          uniq_robin, uniq_grinder
D:4:      layout_loops_ring, minmay_temple_entry_grid
D:5:      layout_rooms, portal_sewer_entry_e
D:6:      layout_cave_pools, serial_shops, nicolae_take_the_stairs, shop, shop
D:7:      layout_basic, serial_aquarium, aquarium_bridge_straight
          [aquarium_subvault_bridge, aquarium_subvault_balcony,
          aquarium_subvault_bridge, aquarium_subvault_wall],
          aquarium_bridge_island_small [aquarium_subvault_small_open,
          aquarium_subvault_bridge, aquarium_subvault_wall,
          aquarium_subvault_window, aquarium_subvault_bridge],
          aquarium_window_corridor_3, aquarium_window_2, aquarium_view_2e,
          aquarium_view_2b, aquarium_balcony_3b
D:8:      layout_basic, mainiacjoe_overflow_small_starburst, lair_entry_dummy,
          serial_shops, nicolae_shop_waterfront
Temple:   hc_temple_tempest_star

Skill      XL: |  1  2  3  4  5  6  7  8  9 |
---------------+----------------------------+-----
Dodging        | 2 |  2.3
Conjurations   | 2 3 4 5 |  5.7
Fire Magic     | 4 5 6 7 8 |  8.3
Spellcasting   | 3 4 5 7 |  7.6
Maces & Flails | 1 2 |  2.5
Fighting       | 1 |  1.6
Armour         | 1 3 |  3.5
Earth Magic    | 1 |  1.8
Stealth        | |  2.1

Action                   |  1- 3 |  4- 6 |  7- 9 || total
-------------------------+-------+-------+-------++-------
Melee: Whip              |    22 |       |       ||    22
       Flail             |     5 |    21 |    71 ||    97
Throw: Stone             |       |       |     1 ||     1
 Cast: Foxfire           |    30 |    63 |   156 ||   249
       Scorch            |       |     4 |    32 ||    36
       Sandblast         |       |       |    24 ||    24
  Use: Scroll            |     4 |     2 |    16 ||    22
       Potion            |       |       |     1 ||     1
 Stab: Sleeping          |       |       |     1 ||     1
Armor: Robe              |     7 |     6 |     6 ||    19
       Troll leather arm |       |       |    30 ||    30
Dodge: Dodged            |    21 |    16 |    85 ||   122

Table legend: (Time is in decaauts)
 A = Elapsed time spent in this place.
 B = Non-inter-level travel time spent in this place.
 C = Inter-level travel time spent in this place.
 D = Time resting spent in this place.
 E = Time spent auto-exploring this place.
 F = Levels seen in this place.
 G = Mean time per level.
                   A        B        C        D        E       F      G
               +--------+--------+--------+--------+--------+-----+--------+
         Total |   8020 |   7568 |    452 |    567 |   5552 |  10 |  802.0 |
       Dungeon |   7531 |   7094 |    437 |    567 |   5170 |   8 |  941.4 |
        Temple |    210 |    196 |     14 |      0 |    174 |   1 |  210.0 |
         Sewer |    278 |    278 |      0 |      0 |    208 |   1 |  278.0 |
               +--------+--------+--------+--------+--------+-----+--------+

Top non-repeatable levels by time:
     D:1: 1489 daAuts
     D:3: 1128 daAuts
     D:2: 1062 daAuts
     D:7: 929 daAuts
     D:4: 891 daAuts
     D:6: 842 daAuts
     D:5: 796 daAuts
     D:8: 392 daAuts
   Sewer: 278 daAuts
  Temple: 210 daAuts
